Cogmind - Beta 17 @@@ ROGUE MODE // 2026.07.17 @ 21:53:45 Player: Sinthome Result: Destroyed by G-47 Trooper with Particle Gun Performance ------------- Evolutions (0) 0 Regions Visited (1) 200 Robots Destroyed (6) 30 Value Destroyed (112) 112 Prototype IDs (0) 0 Alien Tech Used (0) 0 Bonus (0) 0 TOTAL SCORE: 342 Bonus ------- None Cogmind --------- Core Integrity 0/250 Matter 283/300 Energy 259/265 System Corruption 0% Temperature Cool (15) Movement Walking (190) Ox1 Location -10/Materials Parts ------- > --- POWER (1) -------- Improved Ion Engine > --- PROPULSION (2) --- Aluminum Leg Aluminum Leg > --- UTILITY (2) ------ Cooling System Improved Terrain Scanner > --- WEAPON (2) ------- Beam Rifle Beam Rifle > --- INVENTORY (5) ---- Ion Engine Improved Ion Engine Wheel Compact Wheel Peak State ------------ > --- POWER ------------ Improved Ion Engine > --- PROPULSION ------- Aluminum Leg Aluminum Leg > --- UTILITY ---------- Cooling System Improved Terrain Scanner > --- WEAPON ----------- Beam Rifle Beam Rifle > --- INVENTORY -------- Ion Engine Improved Ion Engine Wheel Compact Wheel [Rating: 13] Favorites ----------- Power Improved Ion Engine Engine Improved Ion Engine Propulsion Aluminum Leg Leg Aluminum Leg Utility Improved Terrain Scanner Device Improved Terrain Scanner Storage Small Storage Unit Weapon Beam Rifle Energy Gun Beam Rifle Ballistic Gun Assault Rifle Build | -11 -10 ------- Run | Yrd Mat Slots Evolved . | . . Power . | . . Propulsion . | . . Utility . | . . Weapon . | . . Parts Attached 14 | 8 6 Power 3 | 1 2 Engine 3 | 1 2 Core . | . . Reactor . | . . Propulsion 3 | 2 1 Treads . | . . Leg 3 | 2 1 Wheel . | . . Hover . | . . Flight . | . . Utility 4 | 3 1 Device 3 | 2 1 Storage 1 | 1 . Processor . | . . Hackware . | . . Protection . | . . Artifact . | . . Weapon 4 | 2 2 Energy Gun 3 | 1 2 Energy Cannon . | . . Ballistic Gun 1 | 1 . Ballistic Cannon . | . . Launcher . | . . Special Weapon . | . . Impact Weapon . | . . Slashing Weapon . | . . Piercing Weapon . | . . Special Melee Weapon . | . . Unidentified Prototypes . | . . Parts Lost 1 | . 1 Power . | . . Propulsion . | . . Utility 1 | . 1 Weapon . | . . Highest Loss Streak 1 | . 1 To Critical Strikes . | . . Average Backups 4 | 3 4 Power 1 | . 1 Propulsion 1 | 1 2 Utility . | . . Weapon . | . . Tool/Special . | . . Unused Backups 4 | . 4 Power 1 | . 1 Propulsion 2 | . 2 Utility . | . . Weapon 1 | . 1 Tool/Special . | . . Average Slot Usage (%) 98 | . 98 Engine 14 | . 14 Leg 28 | . 28 Device 27 | . 27 Energy Gun 27 | . 27 Peak Build Rating 13 | 9 13 Average Rating 9 | 6 11 On Entrance 4 | . 9 Avg Prop Armor Cover (%) 9 | . 9 Naked Turns . | . . Heaviest Build 16 | 13 16 Greatest Support 20 | 20 20 Greatest Overweight (x) 2 | 2 1 Average Overweight (x) . | . . Largest Inventory Capacity 8 | 8 5 Average Capacity 6 | 7 5 Most Carried 5 | 4 5 Average Carried 4 | 3 4 Final Capacity 5 | 5 5 Final Carried 4 | 4 4 Class Distribution -------------------- 100% | Mutant Dominant Class ---------------- Mutant | -10/Materials Resources | -11 -10 ----------- Run | Yrd Mat Matter Collected 339 | 253 86 Remotely . | . . Salvage Created 169 | 46 123 Parts 14 | 6 8 Haulers Intercepted . | . . Recyclers Shooed . | . . Parts Field Recycled . | . . Retrieved Matter . | . . Parts Self-Destructed . | . . Prevented . | . . Parts Restored . | . . Kills | -11 -10 ------- Run | Yrd Mat Combat Hostiles Destroyed 2 | . 2 Guns 2 | . 2 Classes Destroyed 4 | 1 3 Worker 1 | . 1 Tunneler 2 | 2 . Operator 1 | . 1 Grunt 2 | . 2 Best Kill Streak 2 | 2 2 Combat Bots Only 1 | . 1 Max Kills in Single Turn 1 | 1 1 Gunslinging . | . . Exploded . | . . Melee . | . . Uniques/NPCs Destroyed . | . . Combat | -11 -10 -------- Run | Yrd Mat Hostile Shots Fired 30 | . 30 Missed 7 | . 7 Hits 23 | . 23 Projectile 23 | . 23 Critical Strikes 2 | . 2 Damage Taken 513 | . 513 Core 256 | . 256 Absorbed by Shields . | . . Core Remaining (%) 100 | 100 . Volleys Fired 25 | 6 19 Largest 2 | 2 2 Hottest 112 | 60 112 Shots Fired 45 | 12 33 Gun 45 | 12 33 Cannon . | . . Launcher . | . . Special . | . . Kinetic 6 | 6 . Thermal 33 | . 33 Explosive . | . . Electromagnetic 6 | 6 . Robot Hit Streak 5 | 3 5 Robot Miss Streak 4 | 2 4 Penetration Max . | . . Secondary Targets 1 | . 1 Max Gunslinging Chain 1 | . 1 Shots Hit Robots 23 | 6 17 Core Hits 9 | 2 7 Critical Kills . | . . Critical Parts Destroyed . | . . Critical Strikes 1 | . 1 Burn 1 | . 1 Melee Attacks . | . . Impact . | . . Slashing . | . . Piercing . | . . Sneak Attacks . | . . Combat Hostiles . | . . Follow-up Attacks . | . . Damage Inflicted 369 | 80 289 Guns 365 | 76 289 Cannons . | . . Explosions . | . . Melee . | . . Ramming 4 | 4 . Kinetic 36 | 36 . Thermal 289 | . 289 Explosive . | . . Electromagnetic 40 | 40 . Impact . | . . Slashing . | . . Piercing . | . . Highest Corruption . | . . Average Corruption . | . . Corruption Purged . | . . Corruption Blocked . | . . Overload Shots . | . . Overflow Damage . | . . Projectiles . | . . Explosions . | . . Melee . | . . Knockbacks . | . . Impact . | . . Kinetic . | . . Secondary . | . . Self-Inflicted Damage . | . . Shots . | . . Rammed . | . . Targets Rammed 1 | 1 . Kicked 1 | 1 . Crushed . | . . Highest Temperature 765 | . 765 Average Temperature 373 | . 373 Received Heat Transfer 225 | . 225 Effects 18 | . 18 Shutdowns 3 | . 3 Energy Bleed 2 | . 2 Interference 1 | . 1 Short Circuit 2 | . 2 Damage (minor) 2 | . 2 Damage (major) 4 | . 4 Damage (core) 4 | . 4 Siege Activations . | . . Martial Activations . | . . Shielding Activations . | . . Robots Disrupted . | . . Combat Hostiles . | . . Robots Corrupted . | . . Combat Hostiles . | . . Parts Fried . | . . Impact Corruptions . | . . Robots Melted . | . . Combat Hostiles . | . . Parts Melted 2 | . 2 Heat Transferred 814 | . 814 Parts Sabotaged . | . . Parts Stolen . | . . Parts Stripped . | . . Power Chain Reactions . | . . Alert | -11 -10 ------- Run | Yrd Mat Maximum Alert Level . | . . Low Security (%) 100 | 100 100 Level 1 . | . . Level 2 . | . . Level 3 . | . . Level 4 . | . . Level 5 . | . . High Security . | . . Max Security . | . . Peak Influence 34 | 5 34 Initial . | . . Average 1 | . 3 Influence Increases 75 | 10 65 Destroy 0b10 Robot/C 40 | . 40 Destroy 0b10 Robot/NC 20 | 10 10 Destroy Leader 10 | . 10 Successful Hack 5 | . 5 Influence Decreases 65 | 10 55 Time Decay 55 | 10 45 Lost Part 10 | . 10 Squads Dispatched 1 | . 1 Investigation . | . . Extermination . | . . Reinforcement 1 | . 1 Assault . | . . Garrison . | . . Intercept . | . . Searches Triggered . | . . Construction Impeded . | . . Haulers Reinforced . | . . Active Scanning Responses . | . . Cargo Convoy Interrupts . | . . Stealth | -11 -10 --------- Run | Yrd Mat Distress Signals . | . . Communications Jammed . | . . Distress Signals . | . . Times Spotted 5 | . 5 Peak Tracking Total 3 | . 3 Tactical Retreats . | . . Traps | -11 -10 ------- Run | Yrd Mat Traps Triggered . | . . Indirectly . | . . Trap Hack Attempts . | . . Triggered . | . . Disarmed . | . . Reprogrammed . | . . Reused . | . . Traps Extracted . | . . Installed . | . . Triggered . | . . Machines | -11 -10 ---------- Run | Yrd Mat Machines Disabled . | . . Max in Single Turn . | . . Machines Repaired . | . . Machines Dismantled . | . . Machines Sabotaged . | . . Overloaded Fab Kills . | . . Hacking | -11 -10 --------- Run | Yrd Mat Machines Accessed 1 | . 1 Terminals 1 | . 1 Fabricators . | . . Repair Stations . | . . Recycling Units . | . . Scanalyzers . | . . Garrison Access . | . . Total Hacks 2 | . 2 Successful 2 | . 2 Failed . | . . Catastrophic . | . . Database Lockouts . | . . Manual . | . . Terminals 2 | . 2 Fabricators . | . . Repair Stations . | . . Recycling Units . | . . Scanalyzers . | . . Garrison Access . | . . Terminal Hacks 2 | . 2 Investigation Status 1 | . 1 Zone Layout 1 | . 1 Fabricator Hacks . | . . Repair Station Hacks . | . . Recycling Unit Hacks . | . . Scanalyzer . | . . Garrison Access Hacks . | . . Unauthorized Hacks . | . . Terminals . | . . Fabricators . | . . Repair Stations . | . . Recycling Units . | . . Scanalyzers . | . . Garrison Access . | . . Data Cores Recovered 1 | . 1 Used . | . . Hacking Detections . | . . Full Trace Events . | . . Feedback Events . | . . Feedback Blocked . | . . Robot Schematics Acquired . | . . Robots Built . | . . Authchips . | . . Time . | . . Total Robot Build Rating . | . . Part Schematics Acquired . | . . Parts Built . | . . Authchips . | . . Time . | . . Total Part Build Rating . | . . Part Studies Acquired . | . . Parts Repaired . | . . Time . | . . Parts Recycled . | . . Recycled Matter . | . . Retrieved Matter . | . . Retrieved Components . | . . Parts Scanalyzed . | . . Part Schematics Acquired . | . . Parts Damaged . | . . Bothacking | -11 -10 ------------ Run | Yrd Mat Used RIF Installer . | . . Robots Hacked . | . . Non-combat . | . . Combat . | . . Robot Hacks Applied . | . . Relay Couplers Released . | . . Fabnet Peak Effective % . | . . Robots Rewired . | . . Allies Hacked . | . . Hacks Repelled . | . . Allies | -11 -10 -------- Run | Yrd Mat Total Allies . | . . Largest Group . | . . Highest-Rated Group . | . . Highest-Rated Ally . | . . Total Orders . | . . Ally Attacks . | . . Total Damage . | . . Kills . | . . Allies Corrupted . | . . Allies Melted . | . . Intel | -11 -10 ------- Run | Yrd Mat Active Infowar (turns) 610 | 51 559 Terrain 597 | 38 559 Seismic 514 | 51 463 Robot Analysis Total . | . . Derelict Logs Recovered . | . . Drone Launches . | . . Drone Recoveries . | . . Exploration | -11 -10 ------------- Run | Yrd Mat Turns Passed 998 | 439 559 Spaces Moved 284 | 137 147 Core 7 | 7 . Treads . | . . Legs 277 | 130 147 Wheels . | . . Hover . | . . Flight . | . . Fastest Speed 50 | 50 120 Average Speed 123 | 118 128 Slowest Speed 190 | 150 190 Overloaded Moves . | . . Propulsion Burnouts . | . . Robots Hopped . | . . Potential Cave-ins . | . . Cave-ins Triggered . | . . Exploration Rate (%) 15 | 10 21 Regions Visited 1 Branch Regions . Pre-discovered Areas . | . . Known Exits Taken . | . . Unknown Exits Taken 1 | 1 . Scrap Searched . | . . Spaces Dug . | . . Terrain Destroyed . | . . Melee . | . . Projectile . | . . AOE . | . . Terrain Rammed . | . . Walls Destroyed . | . . Machines Disabled . | . . Actions | -11 -10 --------- Run | Yrd Mat Total 882 | 397 485 Wait 550 | 242 308 Move 283 | 136 147 Hop . | . . Pick Up 6 | 4 2 Fast Attach 7 | 7 . Attach 1 | . 1 Detach . | . . Swap 6 | 1 5 Drop 3 | . 3 Fire 25 | 6 19 Melee . | . . Ram . | . . Kick 1 | 1 . Crush . | . . Escape Stasis . | . . Rewire . | . . Trap . | . . Miscellaneous . | . . Route ------- -11/Scrapyard -10/Materials History --------- Turn | Location | Event 12 | -11/Scrapyard | Discovered new exit (range 16) 440 | -11/Scrapyard | Entered Materials 441 | -10/Materials | Build established: Mutant 926 | -10/Materials | Core integrity fell below 50% 974 | -10/Materials | Core integrity fell below 20% 999 | -10/Materials | Destroyed by G-47 Trooper with Particle Gun Last Messages --------------- 00936_ K-01 Serf collects debris. 00938_ Overheating: System interference. 00938_ Beam Rifle temporarily disabled. 00940_ Power failure, Imp. Ion Engine shutdown. 00940_ K-01 Serf collects debris. 00944_ Aluminum Leg broken. 00944_ Overheating: Short circuit. 00944_ K-01 Serf collects debris. 00944_ Dropped Aluminum Leg. 00945_ K-01 Serf collects debris. 00947_ Overheating: Energy bleed (-31). 00947_ K-01 Serf collects debris. 00954_ Connecting with Terminal... >>Enumerate(Investigations) Retrieving latest reported positions... No active investigation squads found. 00954_ K-01 Serf collects debris. 00956_ Acquired 13 matter. 00967_ K-01 Serf suffers critical hit (Burn). 00977_ R-06 Scavenger collects Aluminum Leg. Map ----- +----------------------------------------------------+ | | | ??????????#??????????????????????????????? | | ?????#????????????#?????#????????????????? | | ?????????????????#???????????????????????? | | ??????#??????#???#???????????#######?????? | | ??#???##########???????#?????# ?????? | | ???#?## #????#????????#"" ?????? | | ?#??#?# """ ##?#??????????#"Y ?????? | | ?????## """ ##?????????#??#"" ?????? | | ##?####% """ !#?????????????# ?????? | | #??#### #?#######?????# ?^^^?? | | ???# # """ #?# ##########+###^^^?? | | #### # """ #?# ???? | | ???# + """ #?# ??? | | ##?# # #?# T ??? | | ??## ##########?# ??? | | ?## ########### """ "?????? | | ?## """ "?????? | | #?# % =% """ "?????? | | ??# ####### * *! ?????? | | ?###+#########t =% *! ????? | | # ## = ?????? | | # ## ????? | | # ## ?????? | | # ## gg############ ?????? | | # ## @ !!#??????# ?????? | | ## ## !!#???#??# ###?????? | | ?############# !!##?????# #???????? | | ##???????????# !!##?????# #???????? | | #?##??#????### [[#????#?# ###?????? | | ????????###### [[#???????????????????? | | ?#???#??###?## #####???????????????????? | | ???#?##??##### #???????????????????????? | | #????######### #???????????????????????? | | ?????#! *[[## #???????????????????????? | | ?????#!!**[[## #???????????????????????? | | ???#?# [ ## ##?#????????????????????? | | ??#??# # #??????????????????????? | | ?????# #??????????????????????? | | ?????# " #??????????????????????? | | ?????# #??????????????????????? | | ?????######## #??????????????????????? | | #???????????#######??????????????????????? | | ????#????????????????????????????????????? | | ??????#?????????? ???????????????????????? | | ?????????????????????????????????????????? | | #?????????????????T??????????????????????? | | ?????????????????????????????????????????? | | ??????????#??????????????????????????????? | | ?????"???????????????????????????????????? | +----------------------------------------------------+ Best States ------------- Heat Dissipation 47 Energy Generation 12 Energy Capacity 265 Matter Stores 300 Matter Capacity 300 Sight Range 16 Terrain Scan Range 16 Terrain Scan Density 10 Evasion (%) 55 Item Schematics ----------------- None Robot Schematics ------------------ None Fabricated ------------ Nothing Repaired ---------- Nothing Studied --------- None Alien Tech Used ----------------- None Achievements -------------- Well Done Challenges ------------ None Game ------ Seed ScatterChaosAutopenetrator Manual? 0 Play Time 00:07:36 Cumulative 35.9 hours Start 2026.07.17 @ 21:44:53 End 2026.07.17 @ 21:53:45 Sessions 1 Manual Loads 0 Difficulty Rogue Special Mode None Game No. 33 Rogue 33 Adventurer 0 Explorer 0 Win Type - Total 0 Types 0/0/0/0/0/0/0/0/0/0 Lore% 13 Gallery% 31 Achievement% 17 Wizard Run 0 Options --------- Layout 0 ASCII 0 Keyboard 0 Movement Numpad Keybinds 0 Fullscreen 1 Font 24/X11 Map View 76x50 Zoom Use 0% Tactical HUD 1 Map Filters NONE Filters NONE Steam 1 RUN: 87bd8f9f-da66-49e2-9693-f86102da62ac